 Dungeon Crawl Stone Soup version 0.30.1-4-g462c640d31 (console) character file.

Game seed: 7074809465877030831

84 shmup the Firebug (level 4, 0/22 (24) HPs)
             Began as a Tengu Fire Elementalist on Aug 25, 2023.
             Killed from afar by an orc wizard (8 damage)
             ... with a puff of flame
             ... on level 2 of the Dungeon.
             The game lasted 00:12:28 (1456 turns).

shmup the Firebug (Tengu Fire Elementalist)         Turns: 1456, Time: 00:12:28

HP:   0/22 (24)     AC:  2    Str:  8    XL:     4   Next: 46%
MP:   6/8           EV: 12    Int: 17    God:
Gold: 38            SH:  0    Dex: 15    Spells: 2/7 levels left

rFire   . . .        g - +0 dagger
rCold   . . .        (no shield)
rNeg    . . .        a - +0 robe
rPois   .            (helmet restricted)
rElec   .            (no cloak)
rCorr   .            (no gloves)
SInv    .            (boots unavailable)
Will    .....        (no amulet)
Stlth   +            (no ring)
HPRegen 0.23/turn    (no ring)
MPRegen 0.11/turn

%: no passive effects
@: confused, drained
A: beak, talons 3
a: no special abilities


You were on level 2 of the Dungeon.
You visited 1 branch of the dungeon, and saw 2 of its levels.

You collected 38 gold pieces.

Inventory:

Hand Weapons
 g - a +0 dagger (weapon)
 j - a +0 rapier
Missiles
 d - 11 stones (quivered)
 i - 3 throwing nets
Armour
 a - a +0 robe (worn)
Scrolls
 h - a scroll of noise
 k - 4 scrolls of identify
Potions
 c - 2 potions of lignification
 e - a potion of resistance {unknown}
 f - 2 potions of mutation {unknown}


   Skills:
 - Level 2.1 Dodging
 - Level 2.0 Stealth
 - Level 2.0 Spellcasting
 + Level 3.2 Conjurations
 * Level 5.0 Fire Magic


You had 2 spell levels left.
You knew the following spells:

 Your Spells              Type           Power      Damage    Failure   Level
a - Foxfire               Conj/Fire      60%        2x1d7     3%          1
b - Scorch                Fire           36%        2d7       3%          2
c - Searing Ray           Conj           24%        2d5       8%          2

Your spell library contained the following spells:

 Spells                   Type           Power      Damage    Failure   Level
 Magic Dart               Conj           48%        1d5       4%          1
 Inner Flame              Hex/Fire       10%        N/A       21%         3
 Volatile Blastmotes      Fire/Tloc      20%        2d11      21%         3
 Flame Wave               Conj/Fire      15%        2d7       34%         4
 Fulminant Prism          Conj/Hex       3%         3d5       69%         4


Dungeon Overview and Level Annotations

Branches:
Dungeon (2/15) Zot: 10535

Altars:


Innate Abilities, Weirdness & Mutations

You have a beak for a mouth.
You have claws for feet.


Message History

Casting: Foxfire (safe; 3% risk of failure)
Confirm with . or Enter, or press ? or * to list all spells.
You conjure some foxfire!
The orc shouts!
The orc wizard shouts!
You hear a shout!
An orc priest comes into view. It is wielding a +0 club.
The orc wizard points at you and mumbles some strange words.
You resist with some effort.
The foxfire hits the orc.
The orc is lightly wounded.
The foxfire hits the orc.
The orc is severely wounded.
The orc priest looks braver for a moment.
Casting: Foxfire (safe; 3% risk of failure)
Confirm with . or Enter, or press ? or * to list all spells.
You conjure some foxfire!
Your foxfire dissipates!
Casting: Foxfire (safe; 3% risk of failure)
Confirm with . or Enter, or press ? or * to list all spells.
You conjure some foxfire!
A worm comes into view.
The orc wizard gestures at you while chanting.
You are confused.
You're too confused to cast spells.
The orc wizard attacks as you move away!
The orc wizard hits you with a +1 dagger of draining.
You feel drained.
An orc comes into view. It is wielding a +0 whip.
Found 17 gold pieces.
The orc shouts!
You hear a shout!
The foxfire hits the orc wizard.
The orc wizard is lightly wounded.
The foxfire hits the orc wizard.
The orc wizard is moderately wounded.
The orc priest calls down the wrath of Beogh upon you.
Beogh smites you!
Ouch! That really hurt!
* * * LOW HITPOINT WARNING * * *
The orc wizard casts a spell at you. The puff of flame hits you!
You die...

▒▒▒ ▒▒▒ ▒.. ... ▒.▒ ....
▒▒▒ ▒.▒ ..... ▒..
▒.▒▒.$. ▒▒▒▒▒▒▒.▒ ▒..w.
▒........ ▒..▒ ▒.▒▒▒....
▒▒▒▒▒▒Q#▒▒▒▒▒▒▒.▒.▒.▒▒.
.........#..............
.▒▒▒...o▒▒.▒▒.▒▒▒..▒.▒▒.
......▒o..▒▒.▒▒▒..▒.▒ .
▒▒▒.▒.▒..▒▒▒........▒ ▒
▒...▒......▒▒.▒.▒▒▒
▒<▒.▒o▒▒.▒▒▒▒...▒
▒....>..o.....▒▒▒
▒▒▒▒▒▒...▒▒▒▒..▒ ▒.


You could see a worm (unaware), an orc priest, an orc wizard and an orc.

Vanquished Creatures
  Jessica (D:2)
  An adder (D:2)
  A worm (D:2)
  A dart slug (D:1)
  4 ball pythons
  4 endoplasms
  2 giant cockroaches (D:2)
  6 goblins
  4 hobgoblins
  4 jackals (D:2)
  5 kobolds
  A quokka (D:1)
  3 bats (D:1)
  A frilled lizard (D:1)
  3 rats
41 creatures vanquished.

Vanquished Creatures (others)
  80 foxfires
80 creatures vanquished.

Grand Total: 121 creatures vanquished

Notes
Turn   | Place    | Note
-------+----------+-------------------------------------------
     0 | D:1      | shmup the Tengu Fire Elementalist began the quest for the
                  | Orb.
     0 | D:1      | Reached XP level 1. HP: 10/10 MP: 4/4
   149 | D:1      | Reached XP level 2. HP: 15/15 MP: 1/6
   157 | D:1      | Learned a level 2 spell: Scorch
   304 | D:1      | Reached skill level 4 in Fire Magic
   525 | D:1      | Found a faded altar of an unknown god.
   811 | D:2      | Reached XP level 3. HP: 19/19 MP: 2/7
  1306 | D:2      | Noticed Jessica
  1318 | D:2      | Killed Jessica
  1319 | D:2      | Reached skill level 5 in Fire Magic
  1319 | D:2      | Reached XP level 4. HP: 6/24 MP: 2/8
  1417 | D:2      | Learned a level 2 spell: Searing Ray
  1456 | D:2      | Killed from afar by an orc wizard

Illustrated notes

Levels and vault maps discovered:
D:1:      minmay_arrival_doors, layout_rooms, hellmonk_ecumenical_altar_zigzags,
          due_unseen_surprise
D:2:      cheibrodos_pilgrimage, layout_basic, serial_forest,
          infiniplex_forest_lined_2, infiniplex_forest_lined_corner,
          infiniplex_forest_lined_room_, infiniplex_forest_split,
          infiniplex_forest_clump_diagonal, kennysheep_generic_room_7,
          uniq_jessica

Skill      XL: |  1  2  3 |
---------------+----------+-----
Conjurations   | 2 3 |  3.2
Fire Magic     | 4 5 |  5.0
Dodging        | |  2.1
Stealth        | |  2.0
Spellcasting   | |  2.0

Action                     |  1- 3 |  4- 6 || total
---------------------------+-------+-------++-------
  Melee: Unarmed           |    11 |       ||    11
         Kick              |     6 |       ||     6
         Dagger            |     4 |       ||     4
   Cast: Foxfire           |    42 |     4 ||    46
         Scorch            |    13 |     1 ||    14
    Use: Scroll            |     2 |       ||     2
         Potion            |     1 |       ||     1
 Armour: Robe              |     8 |       ||     8
  Dodge: Dodged            |    39 |       ||    39
